 Dungeon Crawl Stone Soup version 0.28-a0-1130-gc51a68064b (webtiles) character file.

Game seed: 484818770299775313

94 flotson the Sneak (level 4, 0/54 HPs)
             Began as a Demonspawn Delver on Dec 12, 2021.
             Succumbed to a kobold's poison
             ... on level 4 of the Dungeon.
             The game lasted 00:04:24 (2503 turns).

flotson the Sneak (Demonspawn Delver)               Turns: 2503, Time: 00:04:25

Health: 0/54       AC:  9    Str: 20    XL:     4   Next: 38%
Magic:  4/4        EV: 11    Int: 11    God:
Gold:   147        SH:  0    Dex: 15    Spells: 3/3 levels left

rFire   + . .      SeeInvis .   a - +0 spear
rCold   + . .      Faith    .   (no shield)
rNeg    . . .      Spirit   .   i - +0 ring mail
rPois   +          Reflect  .   o - +1 hat
rElec   +          Harm     .   r - +2 cloak
rCorr   +          Rampage  .   (no gloves)
Will    .....                   (no boots)
Stlth   ..........              (no amulet)
HPRegen 0.18/turn               n - +6 ring of strength
MPRegen 0.09/turn               (no ring)

@: mighty, berserking, lethally poisoned (0 -> -10), resistant, very quick
A: foul stench 1
a: no special abilities


You were on level 4 of the Dungeon.
You visited 1 branch of the dungeon, and saw 5 of its levels.

You collected 147 gold pieces.

Inventory:

Hand Weapons
 a - a +0 spear (weapon)
 b - the +9 arbalest "Nyit" {freeze, Int+3}
   (You found it on level 5 of the Dungeon)

   Any ammunition fired from it freezes those it strikes, dealing additional
   cold damage.
   It can also slow down cold-blooded creatures.
   Int:       It affects your intelligence (+3).
Missiles
 k - 12 bolts
 u - 15 poisoned darts (quivered)
Armour
 i - a +0 ring mail (worn)
 o - a +1 hat (worn)
 r - a +2 cloak (worn)
Jewellery
 n - a +6 ring of strength (left hand)
Wands
 g - a wand of digging (3)
Scrolls
 c - 3 scrolls of fog
 d - a scroll of magic mapping
 e - 2 scrolls of fear
 h - 3 scrolls of noise {unknown}
 l - a scroll of blinking {unknown}
 m - 2 scrolls of teleportation {unknown}
 t - 2 scrolls of identify {unknown}
Potions
 f - a potion of haste
 s - a potion of ambrosia {unknown}


   Skills:
 + Level 3.6 Fighting
 - Level 1.7 Polearms
 + Level 1.5 Crossbows
 + Level 1.5 Armour
 + Level 2.5 Dodging
 - Level 4.5 Stealth
 + Level 0.9 Evocations


You had 3 spell levels left.
You didn't know any spells.
Your spell library was empty.

Dungeon Overview and Level Annotations

Branches:
Dungeon (5/15)
 Temple: D:4-7

Altars:
Qazlal
Wu Jian
Xom


Innate Abilities, Weirdness & Mutations

You may rarely emit foul miasma when damaged in melee.


Message History

You closely miss the kobold.
You feel sick. The kobold hits you but does no damage.
You are more poisoned.
You closely miss the kobold.
You feel very sick.
The kobold hits you with a +0 dagger of venom.
You are more poisoned.
You closely miss the kobold.
You feel very sick. The kobold hits you but does no damage.
You are more poisoned.
You closely miss the kobold.
You feel very sick.
The kobold hits you with a +0 dagger of venom.
You are lethally poisoned!
You hit the kobold.
You kill the kobold!
You feel extremely sick.
You are too injured to fight recklessly!
You are too injured to fight recklessly!
You are too injured to fight recklessly!
You are too injured to fight recklessly!
You are too injured to fight recklessly!
You are too injured to fight recklessly!
* * * LOW HITPOINT WARNING * * *
You feel very sick.
There is a lethal amount of poison in your body!
It was a potion of resistance.
You feel protected.
* * * LOW HITPOINT WARNING * * *
You feel very sick.
There is a lethal amount of poison in your body!
It was a potion of might.
You feel very mighty all of a sudden.
* * * LOW HITPOINT WARNING * * *
You feel very sick.
It was a potion of berserk rage.
A red film seems to cover your vision as you go berserk!
You feel yourself moving faster!
You feel mighty!
You die...

.##########
..........# #.
........# #.
....(.##### #.
#.)....... ##.##
#......... #....
+@........
##..####.........
#.........??.....
##..#############
#..........
####.†#######
#.....).....#
####...#.##.#
#...#.##(#


There were no monsters in sight!

Vanquished Creatures
  4 adders
  5 ball pythons
  7 bats
  9 endoplasms
  4 goblins
  5 hobgoblins
  7 jackals
  4 kobolds
  4 quokkas
  2 frilled lizards
  3 rats
54 creatures vanquished.

Vanquished Creatures (others)
  A plant (D:1)
1 creature vanquished.

Grand Total: 55 creatures vanquished

Notes
Turn   | Place    | Note
-------+----------+-------------------------------------------
     0 | D:5      | flotson the Demonspawn Delver began the quest for the Orb.
     0 | D:5      | Reached XP level 1. HP: 18/18 MP: 1/1
     1 | D:5      | Identified the +9 arbalest "Nyit" {freeze, Int+3}
   168 | D:2      | Gained mutation: You may rarely emit foul miasma when
                  | damaged in melee. [demonic ancestry]
   168 | D:2      | Reached XP level 2. HP: 24/24 MP: 2/2
   172 | D:2      | Reached skill level 1 in Crossbows
   172 | D:2      | Reached skill level 1 in Armour
   220 | D:1      | Reached XP level 3. HP: 29/29 MP: 3/3
   232 | D:1      | Found a faded altar of an unknown god.
   350 | D:1      | Noticed a troll
   375 | D:1      | Noticed an octopode
   377 | D:1      | Noticed a vampire
   377 | D:1      | Noticed a gargoyle
   379 | D:1      | Noticed an octopode
   384 | D:1      | Noticed a demonspawn
  1871 | D:3      | Found an ornate altar of the Wu Jian Council.
  2047 | D:3      | Reached XP level 4. HP: 35/35 MP: 4/4
  2115 | D:3      | Found a stormy altar of Qazlal.
  2171 | D:3      | Found a shimmering altar of Xom.
  2502 | D:4      | HP: 1/36 [poisoned by a kobold]
  2503 | D:4      | Succumbed to a kobold's poison

Illustrated notes

Levels and vault maps discovered:
D:1:      shiori_arrival_whats_in_store_for_you, layout_basic,
          shapermc_ecumenical_altar_mp_urbaneastern, serial_corexii_hall,
          chequers_hall_statues_y, chequers_hall_statues_wall_a,
          chequers_serial_rivers_micro_e
D:2:      layout_basic, minmay_misc_feat_roman, minmay_cut_off
D:3:      layout_loops_ring, mainiacjoe_overflow_boulevard,
          nzn_wu_jian_council_hall, mainiacjoe_overflow_alcove_4,
          minmay_goblin_kobold_house
D:4:      layout_basic, nicolae_elyvilon_temple_path, mainiacjoe_overflow_paths,
          minmay_temple_entry_crystal_x, ebering_ghost_rock_garden
D:5:      layout_cave_pools, chequers_serial_rivers_micro_a,
          minmay_hollow_rounded_squares, uniq_pikel

Skill      XL: |  1  2 |
---------------+-------+-----
Dodging        | 2 |  2.5
Crossbows      | 1 |  1.5
Armour         | 1 |  1.5
Fighting       | |  3.6
Polearms       | |  1.7
Stealth        | |  4.5
Evocations     | |  0.9

Action                   |  1- 3 |  4- 6 || total
-------------------------+-------+-------++-------
Melee: Spear             |   108 |    36 ||   144
 Fire: Arbalest          |    24 |       ||    24
  Use: Potion            |       |     3 ||     3
 Stab: Sleeping          |     3 |     3 ||     6
       Distracted        |     1 |       ||     1
Armor: Ring mail         |    49 |    12 ||    61
Dodge: Dodged            |    82 |     9 ||    91

Table legend: (Time is in decaauts)
 A = Elapsed time spent in this place.
 B = Non-inter-level travel time spent in this place.
 C = Inter-level travel time spent in this place.
 D = Time resting spent in this place.
 E = Time spent auto-exploring this place.
 F = Levels seen in this place.
 G = Mean time per level.
                   A        B        C        D        E       F      G
               +--------+--------+--------+--------+--------+-----+--------+
         Total |   2524 |   2458 |     66 |      0 |   1959 |   5 |  504.8 |
       Dungeon |   2524 |   2458 |     66 |      0 |   1959 |   5 |  504.8 |
               +--------+--------+--------+--------+--------+-----+--------+

Top non-repeatable levels by time:
     D:2: 888 daAuts
     D:3: 795 daAuts
     D:1: 653 daAuts
     D:4: 141 daAuts
     D:5: 45 daAuts
